 Dungeon Crawl Stone Soup version 0.24.0-3-g28a8eb0610 (webtiles) character file.

Game seed: 17724112533669121754, levelgen mode: deterministic

95 dremek the Grave Robber (level 4, -3/30 HPs)
             Began as a Demonspawn Necromancer on Nov 1, 2019.
             Killed by divine providence
             ... invoked by an orc priest
              (16 damage)
             ... on level 3 of the Dungeon.
             The game lasted 00:11:34 (2715 turns).

dremek the Grave Robber (Demonspawn Necromancer)    Turns: 2715, Time: 00:11:34

Health: -3/30      AC:  3    Str:  9    XL:     4   Next: 39%
Magic:  2/7        EV: 12    Int: 17    God:
Gold:   165        SH:  0    Dex: 13    Spells: 6/7 levels left

rFire    x . .     SeeInvis .   (no weapon)
rCold    + . .     Gourm    .   (no shield)
rNeg     . . .     Faith    .   a - +0 robe
rPois    .         Spirit   .   (helmet restricted)
rElec    .         Reflect  .   (no cloak)
rCorr    .         Harm     .   (no gloves)
MR       .....                  c - +0 pair of boots
Stlth    ++........             (no amulet)
HPRegen  0.10/turn              j - ring of ice
MPRegen  0.10/turn              (no ring)

@: slowed, very slow
A: antennae 1
a: no special abilities


You were on level 3 of the Dungeon.
You were not hungry.

You visited 1 branch of the dungeon, and saw 3 of its levels.

You collected 165 gold pieces.

Inventory:

Armour
 a - a +0 robe (worn)
 c - a +0 pair of boots (worn)
Jewellery
 j - a ring of ice (left hand)
Wands
 i - a wand of flame (11)
Scrolls
 b - a scroll of enchant weapon {unknown}
 e - 2 scrolls of amnesia {unknown}
 f - a scroll of blinking {unknown}
 g - 5 scrolls of identify {unknown}
 h - 2 scrolls of teleportation {unknown}
Potions
 d - 2 potions of degeneration {unknown}
Comestibles
 k - 2 rations
 l - 2 chunks of flesh


   Skills:
 - Level 1.8 Dodging
 - Level 1.9 Stealth
 - Level 2.2 Spellcasting
 + Level 6.3 Necromancy


You had 6 spell levels left.
You knew the following spells:

 Your Spells              Type           Power        Failure   Level  Hunger
a - Pain                  Necr           ###.         1%          1    #......

Your spell library contained the following spells:

 Spells                   Type           Power        Failure   Level  Hunger
 Animate Skeleton         Necr           N/A          1%          1    #......
 Vampiric Draining        Necr           ###.......   4%          3    ###....
 Animate Dead             Necr           N/A          14%         4    #####..
 Regeneration             Chrm/Necr      ##........   16%         3    ###....


Dungeon Overview and Level Annotations

Branches:
Dungeon (3/15)

Altars:


Innate Abilities, Weirdness & Mutations

You have a pair of small antennae on your head.


Message History

The orc wizard gestures at you while chanting.
The magic dart hits you!
The orc wizard gestures wildly while chanting.
The orc wizard blinks!
The orc wizard mumbles some strange words.
The orc wizard blinks!
An orc wizard comes into view. It is wielding a +0 dagger.
The orc wizard gestures wildly while chanting.
The orc wizard blinks!
The orc wizard hits you with a +0 dagger.
The hobgoblin barely misses you.
The orc wizard casts a spell.
The orc wizard blinks!
The orc wizard casts a spell.
The orc wizard blinks!
The hobgoblin misses you.
The orc priest calls down the wrath of Beogh upon you.
Beogh smites you!
Ouch! That really hurt!
You die...

#.........#####..##.
#.........##........
####.................
##..................
.........o............
####..###o##..........
#..###.##.........#
..#....g##.........#
#.#......@.>.........
#.###.##.##.........#
#. #.####.####.# # #.#
#.# #.# #.# ##.##.#
#.# ......# #.# #..###
#.# #..# #.#


You could see an orc priest, an orc wizard and a hobgoblin.

Vanquished Creatures
  3 adders (D:2)
  2 oozes
  2 worms (D:2)
  3 orcs (D:3)
  A giant cockroach (D:1)
  6 goblins
  2 hobgoblins (D:2)
  A quokka (D:2)
  4 ball pythons
  7 bats
  3 frilled lizards
  9 kobolds
  10 rats
53 creatures vanquished.

Notes
Turn   | Place    | Note
-------+----------+-------------------------------------------
     0 | D:1      | dremek the Demonspawn Necromancer began the quest for the
                  | Orb.
     0 | D:1      | Reached XP level 1. HP: 13/13 MP: 3/3
   302 | D:1      | Gained mutation: You have a pair of small antennae on your
                  | head. [demonic ancestry]
   302 | D:1      | Reached XP level 2. HP: 19/19 MP: 3/5
   688 | D:1      | Reached skill level 5 in Necromancy
  1080 | D:1      | Reached XP level 3. HP: 21/24 MP: 1/6
  2278 | D:2      | Reached XP level 4. HP: 29/30 MP: 5/7
  2297 | D:2      | Reached skill level 6 in Necromancy
  2715 | D:3      | Killed from afar by an orc priest

Levels and vault maps discovered:
D:1:      dpeg_arrival_oval, layout_basic
D:2:      cheibrodos_old_hovel, layout_basic
D:3:      layout_loops_ring, gammafunk_temple_of_torment

Skill      XL: |  1  2  3  4 |
---------------+-------------+-----
Necromancy     | 5 6 |  6.3
Dodging        | |  1.8
Stealth        | |  1.9
Spellcasting   | |  2.2

Action                   |  1- 3 |  4- 6 || total
-------------------------+-------+-------++-------
Melee: Unarmed           |    30 |     8 ||    38
 Cast: Pain              |    70 |    25 ||    95
 Stab: Sleeping          |     2 |       ||     2
  Eat: Chunk             |     2 |     1 ||     3
       Ration            |     1 |       ||     1
Armor: Robe              |    11 |     1 ||    12
Dodge: Dodged            |    28 |    13 ||    41
